 Dungeon Crawl Stone Soup version 0.29.1-1-gd02db6906a (webtiles) character file.

Game seed: 15483191747526565455

38 tardwrangler69 the Digger (level 3, -3/21 HPs)
             Began as an Octopode Earth Elementalist on Oct 5, 2022.
             Slain by an orc
             ... wielding a +0 hand axe
              (4 damage)
             ... on level 1 of the Dungeon.
             The game lasted 00:01:56 (1164 turns).

tardwrangler69 the Digger (OpEE)                    Turns: 1164, Time: 00:01:57

Health: -3/21      AC:  3    Str:  7    XL:     3   Next: 43%
Magic:  16/16      EV: 13    Int: 19    God:
Gold:   52         SH:  0    Dex: 12    Spells: 6/7 levels left

rFire   . . .      SeeInvis .   c - +0 dagger
rCold   . . .      Faith    .   (no shield)
rNeg    . . .      Spirit   .   f - +2 hat
rPois   .          Reflect  .   (no amulet)
rElec   .          Harm     .   e - ring of magical power
rCorr   .          Rampage  .   (no ring)
Will    .....                   (no ring)
Stlth   ++........              (no ring)
HPRegen 0.07/turn               (no ring)
MPRegen 0.15/turn               (no ring)
                                (no ring)
                                (no ring)

@: confused, attractive, hasted, very quick
A: almost no armour, amphibious, 8 rings, camouflage 1, gelatinous body 1,
(nimble swimmer 1), tentacles
a: no special abilities


You were on level 1 of the Dungeon.
You visited 1 branch of the dungeon, and saw 2 of its levels.

You collected 52 gold pieces.

Inventory:

Hand Weapons
 c - a +0 dagger (weapon)
Armour
 f - a +2 hat (worn)
Jewellery
 e - a ring of magical power (left tentacle)
Scrolls
 b - 3 scrolls of identify {unknown}
 d - a scroll of immolation {unknown}
 i - a scroll of fear {unknown}
Potions
 a - a potion of magic
 g - a potion of attraction
 h - a potion of haste
 j - a potion of ambrosia {unknown}
 k - a potion of might {unknown}


   Skills:
 - Level 2.0 Dodging
 - Level 2.6 Stealth
 + Level 2.8 Spellcasting
 - Level 1.0 Transmutations
 + Level 3.7 Earth Magic


You had 6 spell levels left.
You knew the following spells:

 Your Spells              Type           Power      Damage    Failure   Level
a - Sandblast             Erth           34%        2d9       3%          1

Your spell library contained the following spells:

 Spells                   Type           Power      Damage    Failure   Level
 Passwall                 Tmut/Erth      9%         N/A       9%          2
 Apportation              Tloc           4%         N/A       16%         1
 Freeze                   Ice            8%         1d3       16%         1
 Stone Arrow              Conj/Erth      18%        3d8       22%         3
 Frozen Ramparts          Ice            4%         1d1       43%         3
 Portal Projectile        Hex/Tloc       4%         N/A       43%         3
 Tukima's Dance           Hex            2%         N/A       43%         3
 Petrify                  Tmut/Erth      11%        N/A       50%         4
 Hailstorm                Conj/Ice       2%         3d3       83%         4
 Olgreb's Toxic Radiance  Pois           2%         N/A       83%         4
 Blade Hands              Tmut           3%         N/A       96%         5
 Alistair's Intoxication  Tmut/Pois      2%         N/A       98%         5
 Ozocubu's Refrigeration  Ice            1%         4d7       100%        7
 Ignition                 Fire           1%         3d3       100%        8


Dungeon Overview and Level Annotations

Branches:
Dungeon (2/15)

Altars:


Innate Abilities, Weirdness & Mutations

You cannot wear most types of armour.
You are amphibious.
You can wear up to eight rings at the same time.
Your skin changes colour to match your surroundings (Stealth+).
Your rubbery body absorbs attacks. (AC +1, EV +1)
((You are camouflaged when in or above water. (Stealth+)))
You have tentacles for arms and can constrict up to eight enemies at once.


Message History

Unknown command.
In your confused state, you trip and fall back down the stairs.
The orc wizard closely misses you.
The orc wizard hits you with a +0 dagger.
In your confused state, you trip and fall back down the stairs.
The orc wizard hits you with a +0 dagger.
The orc barely misses you.
The orc shouts!
The orc wizard hits you with a +0 dagger.
The orc hits you but does no damage.
You climb upwards.
There is a stone staircase leading down here.
You're too confused to cast spells.
You bump into the rock wall.
You feel less confused.
The orc wizard gestures wildly while chanting.
The orc wizard flickers and vanishes!
Deactivating autopickup; reactivate with Ctrl-A.
The orc hits you with a +0 hand axe.
You miss something.
You hear some strange, mumbled words.
You are confused.
The orc barely misses you.
You bump into the rock wall.
Something barely misses you. The orc hits you with a +0 hand axe.
* * * LOW HITPOINT WARNING * * *
You're too confused to move!
Something hits you.
* * * LOW HITPOINT WARNING * * *
The orc hits you with a +0 hand axe.
* * * LOW HITPOINT WARNING * * *
You closely miss something. Something hits you but does no damage.
The orc hits you but does no damage.
You're too confused to cast spells.
It was a potion of attraction.
You feel attractive to monsters. Something barely misses you.
The orc barely misses you.
It was a potion of haste.
You feel yourself speed up. Something hits you.
* * * LOW HITPOINT WARNING * * *
The orc hits you with a +0 hand axe.
You die...

#.........#####
#.######......#
##.################
###########
#.................#
#.........)
#################.#
#.######### #.# #.# #
#.# #.# #
##o#####.#########
#@{....)(.........
#..#####.#########
#####..# ###.#######..
#......# #.........+.(
##.#+#..###.#.#######..
#..#.#............).'..
#.##.##.........#####..
#.+8.8'.###.###########
###...#................


You could see an orc.

Vanquished Creatures
  An adder (D:2)
  A dart slug (D:2)
  3 endoplasms
  2 hobgoblins (D:1)
  4 kobolds
  4 quokkas (D:1)
  A ball python (D:1)
  4 bats
  A frilled lizard (D:2)
  3 goblins
  A rat (D:1)
25 creatures vanquished.

Notes
Turn   | Place    | Note
-------+----------+-------------------------------------------
     0 | D:1      | tardwrangler69 the Octopode Earth Elementalist began the
                  | quest for the Orb.
     0 | D:1      | Reached XP level 1. HP: 11/11 MP: 3/3
   103 | D:1      | Found a faded altar of an unknown god.
   175 | D:1      | Reached XP level 2. HP: 17/17 MP: 0/5
   856 | D:2      | Reached XP level 3. HP: 21/21 MP: 6/6
  1164 | D:1      | HP: 1/21 [something (2)]
  1164 | D:1      | Slain by an orc

Illustrated notes

Levels and vault maps discovered:
D:1:      wander_arrival_chamber, layout_basic, basic_ecumenical_altar
D:2:      layout_rooms, guppyfry_early_lair_pool

Action                   || total
-------------------------++-------
Melee: Unarmed           ||     2
       Constrict         ||     2
       Dagger            ||     5
       Tentacles         ||     1
 Cast: Sandblast         ||    30
  Use: Potion            ||     2
 Stab: Sleeping          ||     2
Armor: Skin              ||     8
Dodge: Dodged            ||    23
